 Dungeon Crawl Stone Soup version 0.22-a0-224-g8cf3520 (webtiles) character file.

29 Azzok the Grave Robber (level 3, 0/19 HPs)
             Began as a Deep Elf Necromancer on Feb 19, 2018.
             Slain by a goblin
             ... wielding a +0 club
              (1 damage)
             ... on level 2 of the Dungeon.
             The game lasted 00:02:10 (1530 turns).

Azzok the Grave Robber (Deep Elf Necromancer)       Turns: 1530, Time: 00:02:11

Health: 0/19       AC:  2    Str:  5    XL:     3   Next: 1%
Magic:  0/10       EV: 13    Int: 20    God:
Gold:   95         SH:  0    Dex: 15    Spells: 9/10 levels left

rFire    . . .     SeeInvis .   (no weapon)
rCold    . . .     Gourm    .   (no shield)
rNeg     . . .     Faith    .   a - +0 robe
rPois    .         Spirit   .   (no helmet)
rElec    .         Reflect  .   (no cloak)
rCorr    .         Harm     .   (no gloves)
MR       .....                  (no boots)
Stlth    ++........             (no amulet)
HPRegen  0.06/turn              (no ring)
MPRegen  0.12/turn              (no ring)

@: no status effects
A: no striking features
a: no special abilities


You were on level 2 of the Dungeon.
You were not hungry.

You visited 1 branch of the dungeon, and saw 2 of its levels.

You collected 95 gold pieces.

Inventory:

Armour
 a - a +0 robe (worn)
Scrolls
 c - 2 scrolls of teleportation {unknown}
 h - a scroll of random uselessness {unknown}
Potions
 d - a potion of heal wounds {unknown}
 e - a potion of agility {unknown}
 f - a potion of curing {unknown}
 g - a potion of berserk rage {unknown}
 i - a potion of haste {unknown}
Comestibles
 b - 3 rations


   Skills:
 - Level 2.4 Dodging
 - Level 2.4 Stealth
 + Level 4.0 Spellcasting
 + Level 5.4 Necromancy


You had 9 spell levels left.
You knew the following spells:

 Your Spells              Type           Power        Failure   Level  Hunger
a - Pain                  Necr           ####         1%          1    None


Dungeon Overview and Level Annotations

Branches:
Dungeon (2/15)

Altars:


Message History

Aiming: Pain (safe; 1% risk of failure)
Press: ? - help, Shift-Dir - straight line, f/p - dart slug
Aim: a dart slug (almost dead, clinging, chance to defeat MR: 93%)
The dart slug writhes in agony!
You kill the dart slug!
You have reached level 3!
Your experience leads to an increase in your attributes!
Increase (S)trength, (I)ntelligence, or (D)exterity?
You feel clever.
* * * LOW MAGIC WARNING * * *
The leopard gecko closely misses you.
Casting: Pain (safe; 1% risk of failure)
Confirm with . or Enter, or press ? or * to list all spells.
Aiming: Pain (safe; 1% risk of failure)
Press: ? - help, Shift-Dir - straight line, f - leopard gecko
Aim: a leopard gecko (clinging, chance to defeat MR: 93%)
The leopard gecko writhes in agony!
* * * LOW MAGIC WARNING * * *
The goblin hits you with an uncursed club.
You die...

········▒ ······▒▒▒
······▒▒ ▒······▒ ▒
▒···<··▒▒▒▒ ▒·▒
▒·········▒ ···▒
▒▒▒▒▒·▒▒▒·▒ ····▒
▒·······▒·▒ ▒▒▒···?··
···▒▒·▒·▒·▒
▒▒▒@l······
···▒▒·▒·▒·▒
▒·(·g···▒·▒
···▒▒···▒·▒ ▒·▒·▒▒▒·▒
·····▒▒▒▒·▒ ▒·▒··· ▒
·····▒ ▒·▒▒▒▒·▒▒▒▒▒▒
·····▒▒▒▒·▒▒··········
··········▒▒·▒·▒▒▒▒▒▒▒
▒▒·▒▒▒▒▒▒▒···▒··· ▒▒·▒
▒·····▒▒▒


You could see a leopard gecko and a goblin.

Vanquished Creatures
  An adder (D:2)
  A dart slug (D:2)
  3 goblins (D:1)
  A hobgoblin (D:1)
  2 jackals (D:1)
  2 bats (D:2)
  4 frilled lizards
  4 kobolds
  3 rats
21 creatures vanquished.

Notes
Turn   | Place    | Note
-------+----------+-------------------------------------------
     0 | D:1      | Azzok the Deep Elf Necromancer began the quest for the Orb.
     0 | D:1      | Reached XP level 1. HP: 10/10 MP: 6/6
   191 | D:1      | Reached skill level 5 in Necromancy
   456 | D:1      | Reached XP level 2. HP: 14/15 MP: 5/8
  1529 | D:2      | Reached XP level 3. HP: 2/19 MP: 1/10
  1530 | D:2      | Slain by a goblin

Vault maps used:
D:1:      nicolae_arrival_somewhat_less_tricky_arrival
D:2:      first_ration, uniq_terence

Skill      XL: |  1  2 |
---------------+-------+-----
Necromancy     | 5 |  5.4
Spellcasting   | 4 |  4.0
Dodging        | |  2.4
Stealth        | |  2.4

Action                   || total
-------------------------++-------
 Cast: Pain              ||    37
  Eat: Chunk             ||     2
Armor: Robe              ||     3
Dodge: Dodged            ||     8

Table legend:
 A = Spawn XP
 B = Non-spawn XP
 C = Spawn XP percentage of total XP
 D = Spawn monster count
 E = Non-spawn monster count
 F = Spawn count percentage of total count
 G = Total turns spent on level
                    A         B        C        D         E        F      G
               +---------+---------+-------+---------+---------+-------+---------
         Total |       0 |      42 |   0.0 |       0 |      21 |   0.0 |  1530
               +---------+---------+-------+---------+---------+-------+---------
           D:1 |       0 |      19 |   0.0 |       0 |      14 |   0.0 |  1093
           D:2 |       0 |      23 |   0.0 |       0 |       7 |   0.0 |   437
               +---------+---------+-------+---------+---------+-------+---------
